 Dungeon Crawl Stone Soup version 0.24-a0-117-g53b5160 (webtiles) character file.

Game seed: 17670644417542377761

92285 LordEnrai the Severer (level 15, -59/147 HPs)
             Began as a Minotaur Berserker on Feb 18, 2019.
             Was the Champion of Trog.
             Annihilated by an enormous slime creature (75 damage)
             ... on level 15 of the Dungeon.
             The game lasted 01:42:54 (33866 turns).

LordEnrai the Severer (Minotaur Berserker)         Turns: 33866, Time: 01:42:55

Health: -59/147    AC: 22    Str: 34    XL:     15   Next: 57%
Magic:  14/14      EV: 21    Int:  9    God:    Trog [******]
Gold:   2594       SH:  0    Dex: 13    Spells: 14/14 levels left

rFire    + + +     SeeInvis +   b - +6 hand axe "Qedu" {freeze, rElec rPois MR- Dex-2}
rCold    . . .     Gourm    +   (no shield)
rNeg     + + .     Faith    .   r - +6 leather armour of Leapfrog {rF++ rN+ Dex+2}
rPois    +         Spirit   .   K - +2 hat
rElec    +         Reflect  .   y - +2 cloak
rCorr    .         Harm     .   m - +2 pair of gloves
MR       ++++.                  l - +1 pair of boots
Stlth    +.........             G - amulet "Reogug" {Gourm rF+ Str+2 Dex-2 SInv}
HPRegen  1.34/turn              F - ring of Wigu Ete {rN+ MR+ Dex+4}
MPRegen  0.14/turn              x - ring "Kuniad Kitt" {*Drain rF+ MR+ Str+5 Int+3}

@: berserk cooldown, regenerating, hasted and slowed
A: retaliatory headbutt, horns 2, clever 1, fire resistance 1, screaming 1,
evolution 1
a: Berserk, Trog's Hand, Brothers in Arms, Renounce Religion


You were on level 15 of the Dungeon.
You worshipped Trog.
Trog was exalted by your worship.
You were not hungry.

You visited 4 branches of the dungeon, and saw 24 of its levels.
You also visited: Ice Cave and Volcano.

You collected 2749 gold pieces.
You spent 155 gold pieces at shops.

Inventory:

Hand Weapons
 b - the +6 hand axe "Qedu" (weapon) {freeze, rElec rPois MR- Dex-2}
   (Trog gifted it to you on level 2 of the Orcish Mines)

   It has been specially enchanted to freeze those struck by it, causing extra
   injury to most foes and up to half again as much damage against particularly
   susceptible opponents.
   It can also slow down cold-blooded creatures.
   It affects your dexterity (-2).
   It insulates you from electricity.
   It protects you from poison.
   It affects your resistance to hostile enchantments.
 A - a +0 war axe of chopping
 Q - a +5 antimagic executioner's axe
Armour
 l - a +1 pair of boots (worn)
 m - a +2 pair of gloves (worn)
 r - the +6 leather armour of Leapfrog (worn) {rF++ rN+ Dex+2}
   (You took it off a tengu warrior on level 12 of the Dungeon)

   It affects your dexterity (+2).
   It greatly protects you from fire.
   It protects you from negative energy.
 y - a +2 cloak (worn)
 K - a +2 hat (worn)
Jewellery
 p - an uncursed ring of resist corrosion
 x - the ring "Kuniad Kitt" (right hand) {*Drain rF+ MR+ Str+5 Int+3}
   (You took it off a tengu warrior on level 12 of the Dungeon)

   [ring of protection from magic]

   It affects your strength (+5).
   It affects your intelligence (+3).
   It protects you from fire.
   It affects your resistance to hostile enchantments.
   It causes draining when unequipped.
 z - a +4 amulet of reflection
 F - the ring of Wigu Ete (left hand) {rN+ MR+ Dex+4}
   (You took it off a vampire on level 12 of the Dungeon)

   [ring of protection from magic]

   It affects your dexterity (+4).
   It protects you from negative energy.
   It affects your resistance to hostile enchantments.
 G - the amulet "Reogug" (around neck) {Gourm rF+ Str+2 Dex-2 SInv}
   (You took it off a deep elf mage on level 12 of the Dungeon)

   [amulet of the gourmand]

   It allows you to eat raw meat even when not hungry.
   It affects your strength (+2).
   It affects your dexterity (-2).
   It protects you from fire.
   It lets you see invisible.
 H - the ring "Bouv Negg" {Fire Str+4}
   (You found it on level 12 of the Dungeon)

   [ring of fire]

   It enhances your fire magic.
   It affects your strength (+4).
   It protects you from fire.
   It makes you vulnerable to cold.
Wands
 a - a wand of paralysis (15)
 h - a wand of random effects (57)
 j - a wand of polymorph (29)
 k - a wand of enslavement (5)
 q - a wand of flame (18)
 t - a wand of iceblast (25)
 v - a wand of acid (10)
 w - a wand of digging (3)
 O - a wand of disintegration (20)
Scrolls
 d - 2 scrolls of fog
 i - 12 scrolls of remove curse
 o - 14 scrolls of identify
 s - 6 scrolls of teleportation
 I - 2 scrolls of silence
 N - 2 scrolls of magic mapping
 P - a scroll of blinking
Potions
 e - a potion of cancellation
 f - 9 potions of curing
 g - 2 potions of lignification
 n - 3 potions of resistance
 u - 5 potions of brilliance
 B - 2 potions of agility
 C - 2 potions of berserk rage
 D - a potion of invisibility
 E - a potion of flight
 J - a potion of haste
 M - 3 potions of might
Comestibles
 c - 44 rations


   Skills:
 * Level 17.2 Fighting
 * Level 19.1 Axes
 - Level 12.5 Armour
 + Level 14.2 Dodging


You had 14 spell levels left.
You didn't know any spells.
Your spell library was empty.

Dungeon Overview and Level Annotations

Branches:
Dungeon (15/15)            Temple (1/1) D:6            Lair (6/6) D:10
 Shoals (0/4) Lair:3        Snake (0/4) Lair:3        Slime (0/5) Lair:5
    Orc (2/2) D:10            Elf (0/3) Orc:2        Vaults (0/5) D:14
 Depths (0/5) D:15

Altars:
Ashenzari
Cheibriados
Elyvilon
Fedhas
Gozag
Makhleb
Nemelex Xobeh
Qazlal
Uskayaw
Vehumet
Xom
Jiyva

Shops:
D:8 :   Orc:2 *::*(

Portals:
Trove: D:14 (give +3 shadow dragon scales)

Annotations:
D:9 3 runed translucent doors
D:12 4 runed translucent doors, frogmouthbird's ghost, journeyman HOFi; varitox's ghost, journeyman MiFi


Innate Abilities, Weirdness & Mutations

You reflexively headbutt those who attack you in melee.
You have a pair of horns on your head.
Your mind is acute. (Int +2)
Your flesh is heat resistant. (rF+)
You occasionally shout uncontrollably at your foes.
You evolve.


Message History

The slime creature hits you but does no damage. x2
Found a staircase to the Depths.
You slash the slime creature! You freeze the slime creature.
The slime creature is moderately wounded.
You hit the very large slime creature.
You freeze the very large slime creature.
The slime creature hits you but does no damage.
You slash the very large slime creature!
You freeze the very large slime creature.
Your headbutt misses the very large slime creature.
The very large slime creature is lightly wounded.
You slash the slime creature! You freeze the slime creature.
The very large slime creature hits you!!!
* * * LOW HITPOINT WARNING * * *
Two slime creatures merge to form an enormous slime creature.
Okay, then.
You feel yourself speed up.
The enormous slime creature hits you!!!!
Ouch! That really hurt!
You die...

###### ##.#..# #...@.# ###
##.##J#
#.######..##......>#.+
######.....##...###....##.#
##...#(.....###..# #...#..#
...........## ##.## #.##..#
...........# ##...#####...##
.....##....# #.....#.......#
.....##....###.....#.......+


You could see an enormous slime creature.

Vanquished Creatures
  2 ogre magi
  A rakshasa (D:12)
  Fannar (D:11)
  Erolcha (D:11)
  3 vault guards (D:14)
  2 catoblepae
  A centaur warrior (D:14)
  5 hydras
  3 death yaks (Lair:6)
  8 two-headed ogres
  2 tengu warriors
  An orc high priest (Orc:2)
  A fire crab (shapeshifter) (D:15)
  A hell knight (Volcano)
  An orange crystal statue (D:9)
  3 unseen horrors
  3 wizards (D:14)
  2 lindwurms (Lair:6)
  3 orc knights
  2 orc sorcerers (Orc:2)
  A necromancer (D:14)
  11 ugly things
  3 manticores
  2 deep elf magi (D:12)
  3 cyclopes
  5 elephants (Lair:6)
  2 merfolk sirens (Lair:3)
  A black mamba (shapeshifter) (D:13)
  Maurice (D:11)
  8 black mambas
  Joseph (D:7)
  A gargoyle (D:13)
  2 torpor snails (Lair:6)
  2 rime drakes (Lair:6)
  13 spiny frogs
  2 efreet
  A kobold demonologist (D:12)
  6 komodo dragons
  2 ice devils (Lair:6)
  A yaktaur (D:14)
  6 trolls
  2 polar bears (IceCv)
  2 hornets (D:13)
  2 merfolk (Lair:3)
  A slime creature (shapeshifter) (D:15)
  12 hippogriffs
  2 slime creatures (D:15)
  2 dream sheep (Lair:6)
  5 blink frogs (Lair:6)
  5 wyverns
  3 wraiths
  A hog (shapeshifter) (D:15)
  A centaur simulacrum (D:13)
  2 vampires
  17 humans (D:14)
  Sigmund (D:3)
  A human (shapeshifter) (D:12)
  59 yaks
  4 vampire mosquitoes
  Grum (D:11)
  2 wargs (Orc:1)
  7 basilisks
  2 hell hounds (Lair:2)
  A soldier ant (D:13)
  17 water moccasins
  37 orc warriors
  9 porcupines
  2 sky beasts
  5 ice beasts
  A hornet zombie (D:10)
  2 phantoms
  5 boggarts (D:15)
  18 ogres
  21 wolves
  32 centaurs
  10 crocodiles
  A crocodile (shapeshifter) (D:15)
  2 big kobolds
  13 bullfrogs
  A water moccasin zombie (D:5)
  6 scorpions
  34 killer bees
  10 wights
  11 howler monkeys
  An electric eel (Lair:3)
  6 crimson imps
  6 hounds
  2 jellies
  17 orc priests
  32 orc wizards
  2 bullfrog zombies
  4 centaur zombies
  3 centaur skeletons
  8 iguanas
  Jessica (D:2)
  13 worker ants
  A hound zombie (D:7)
  2 hound skeletons
  A worker ant zombie (D:8)
  Robin (D:2)
  11 gnolls
  22 adders
  4 shadow imps
  2 adder skeletons
  2 worms
  3 dart slugs
  5 leopard geckos
  92 orcs
  5 giant cockroaches
  16 goblins
  5 hobgoblins
  22 jackals
  11 quokkas
  3 ball pythons
  5 bats
  6 frilled lizards
  2 jackal skeletons (D:4)
  14 kobolds
  A leopard gecko skeleton (D:6)
  2 quokka skeletons (D:4)
  7 rats
  2 fungi
  5 plants
839 creatures vanquished.

Vanquished Creatures (others)
  2 polar bears (IceCv)
  3 yaks (IceCv)
  A wolf (IceCv)
  An ooze (D:7)
  10 fungi
  4 plants
  6 withered plants (D:12)
27 creatures vanquished.

Grand Total: 866 creatures vanquished

Notes
Turn   | Place    | Note
-------+----------+-------------------------------------------
     0 | D:1      | LordEnrai the Minotaur Berserker began the quest for the
                  | Orb.
     0 | D:1      | Reached XP level 1. HP: 19/19 MP: 0/0
   277 | D:1      | Reached skill level 4 in Axes
   277 | D:1      | Reached XP level 2. HP: 19/27 MP: 1/1
   832 | D:2      | Reached XP level 3. HP: 33/33 MP: 2/2
  1034 | D:2      | Noticed Robin
  1049 | D:2      | Reached skill level 5 in Axes
  1054 | D:2      | Reached ** piety under Trog
  1055 | D:2      | Killed Robin
  1059 | D:2      | Reached XP level 4. HP: 40/40 MP: 3/3
  1109 | D:2      | Noticed Jessica
  1113 | D:2      | Killed Jessica
  1533 | D:3      | Reached skill level 6 in Axes
  1540 | D:3      | Reached XP level 5. HP: 46/47 MP: 4/4
  1656 | D:3      | Noticed Sigmund
  1670 | D:2      | Reached *** piety under Trog
  1682 | D:3      | Killed Sigmund
  1682 | D:3      | Reached skill level 7 in Axes
  1682 | D:3      | Reached XP level 6. HP: 31/53 MP: 5/5
  2066 | D:3      | Gained mutation: You are clumsy. (Dex -2) [potion of
                  | mutation]
  2066 | D:3      | Lost mutation: You are clumsy. (Dex -2) [potion of
                  | mutation]
  2709 | D:4      | Gained mutation: You are weak. (Str -2) [potion of
                  | mutation]
  2709 | D:4      | Gained mutation: Your body sometimes deteriorates upon
                  | taking damage. [potion of mutation]
  2709 | D:4      | Gained mutation: Your flesh is cold resistant. (rC+)
                  | [potion of mutation]
  2733 | D:4      | Reached skill level 8 in Axes
  2813 | D:4      | Reached XP level 7. HP: 49/60 MP: 6/6
  3331 | D:5      | Entered Level 5 of the Dungeon
  3340 | D:5      | Reached skill level 9 in Axes
  3590 | D:5      | Reached **** piety under Trog
  3590 | D:5      | Reached skill level 5 in Fighting
  4401 | D:5      | Reached skill level 10 in Axes
  4401 | D:5      | Reached XP level 8. HP: 40/68 MP: 7/7
  4691 | D:5      | Found a radiant altar of Vehumet.
  4692 | D:5      | Found an opulent altar of Gozag.
  4693 | D:5      | Found a shimmering altar of Xom.
  4694 | D:5      | Found a sparkling altar of Nemelex Xobeh.
  5114 | D:5      | Noticed a +0 hand axe
  5114 | D:5      | Noticed a +0 hand axe
  5115 | D:5      | Found a hide-covered altar of Uskayaw.
  6420 | D:6      | Reached skill level 5 in Dodging
  6443 | D:6      | Reached skill level 11 in Axes
  6459 | D:6      | Found a staircase to the Ecumenical Temple.
  6462 | Temple   | Entered the Ecumenical Temple
  7382 | D:6      | Reached XP level 9. HP: 79/79 MP: 8/8
  7900 | D:7      | Noticed Joseph
  7923 | D:7      | Killed Joseph
  7992 | D:7      | Found a blossoming altar of Fedhas.
  8106 | D:7      | Reached skill level 5 in Armour
  8829 | D:8      | Reached XP level 10. HP: 84/91 MP: 9/9
  8922 | D:8      | Found a white marble altar of Elyvilon.
  9021 | D:8      | Found a shattered altar of Ashenzari.
  9120 | D:8      | Reached ***** piety under Trog
  9392 | D:8      | Found Linezun's Book Emporium.
 10051 | D:9      | Reached skill level 10 in Fighting
 10475 | D:9      | Found a runed translucent door.
 10487 | D:9      | Found a runed translucent door.
 10603 | D:9      | Found a runed translucent door.
 10614 | D:9      | Found a runed translucent door.
 11160 | D:9      | Noticed an orange crystal statue
 11271 | D:9      | Killed an orange crystal statue
 11271 | D:9      | Reached skill level 12 in Axes
 11354 | D:10     | Entered Level 10 of the Dungeon
 11444 | D:10     | Found a staircase to the Orcish Mines.
 11660 | D:10     | Reached skill level 13 in Axes
 11721 | D:10     | Reached XP level 11. HP: 39/102 MP: 10/10
 12007 | D:10     | Found a staircase to the Lair.
 12637 | D:10     | Found a shimmering altar of Xom.
 13063 | D:11     | Noticed Fannar
 13096 | D:11     | Killed Fannar
 13190 | D:11     | Reached skill level 14 in Axes
 13193 | D:11     | Identified a scroll of acquirement
 13331 | D:11     | Noticed Maurice
 13378 | D:11     | Killed Maurice
 13515 | D:11     | Noticed Grum
 13535 | D:11     | Received a gift from Trog
 14020 | D:11     | Killed Grum
 14460 | D:11     | Noticed Erolcha
 14478 | D:11     | Killed Erolcha
 14850 | D:12     | Found a burning altar of Makhleb.
 14874 | D:12     | Found a runed translucent door.
 14888 | D:12     | Noticed a deep elf mage
 14889 | D:12     | Noticed a two-headed ogre
 14907 | D:12     | Killed a deep elf mage
 14910 | D:12     | Killed a two-headed ogre
 14918 | D:12     | Found a runed translucent door.
 14922 | D:12     | Reached XP level 12. HP: 113/113 MP: 11/11
 14961 | D:12     | Noticed an ogre mage
 14976 | D:12     | Noticed a four-headed hydra
 15294 | D:12     | Identified the ring of Wigu Ete {rN+ MR+ Dex+4}
 15296 | D:12     | Identified the amulet "Reogug" {Gourm rF+ Str+2 Dex-2 SInv}
 15315 | D:12     | Reached skill level 10 in Dodging
 15354 | D:12     | Found a runed translucent gate.
 15354 | D:12     | Found a runed translucent gate.
 15354 | D:12     | Found a runed translucent gate.
 15358 | D:12     | Noticed frogmouthbird's ghost (journeyman HOFi)
 15358 | D:12     | Noticed varitox's ghost (journeyman MiFi)
 15443 | D:12     | Killed an ogre mage
 15544 | D:12     | Noticed a rakshasa
 15576 | D:12     | Killed a rakshasa
 15763 | D:12     | Killed a nine-headed hydra
 16143 | D:12     | Got a bound granite ring
 16144 | D:12     | Identified the ring "Bouv Negg" {Fire Str+4} (You found it
                  | on level 12 of the Dungeon)
 16253 | D:12     | Identified the +6 leather armour of Leapfrog {rF++ rN+
                  | Dex+2}
 16253 | D:12     | Identified the ring "Kuniad Kitt" {*Drain rF+ MR+ Str+5
                  | Int+3}
 16253 | D:12     | Noticed a tengu warrior
 16282 | D:12     | Killed a tengu warrior
 16450 | D:13     | Noticed an eight-headed hydra
 17054 | D:10     | Reached skill level 10 in Armour
 17290 | Orc:1    | Entered Level 1 of the Orcish Mines
 17583 | Orc:2    | Entered Level 2 of the Orcish Mines
 17886 | Orc:2    | Reached skill level 15 in Axes
 17945 | Orc:2    | Found a staircase to the Elven Halls.
 17948 | Orc:2    | Found Jiggiopi's Weapon Shop.
 17958 | Orc:2    | Noticed an orc high priest
 18005 | Orc:2    | Killed an orc high priest
 18342 | Orc:2    | Received a gift from Trog
 18367 | Orc:2    | Got a dazzling hand axe {god gift}
 18368 | Orc:2    | Identified the +6 hand axe "Qedu" {freeze, rElec rPois MR-
                  | Dex-2} (Trog gifted it to you on level 2 of the Orcish
                  | Mines)
 19249 | Orc:1    | Reached XP level 13. HP: 63/125 MP: 12/12
 22058 | Orc:2    | Found Reismam's Book Shop.
 22058 | Orc:2    | Found Ynuiwa's Book Shoppe.
 22060 | Orc:2    | Found Qumunax's Assorted Antiques.
 22062 | Orc:2    | Found Rysuirph's General Store.
 22073 | Orc:2    | Bought a scroll of identify for 62 gold pieces
 22073 | Orc:2    | Bought 3 scrolls labeled POPSOM JIFOOZU for 93 gold pieces
 22158 | Lair:1   | Entered Level 1 of the Lair of Beasts
 22190 | Lair:1   | Reached skill level 16 in Axes
 22339 | Lair:1   | Received a gift from Trog
 22498 | Lair:1   | Lost mutation: Your body sometimes deteriorates upon taking
                  | damage. [potion of mutation]
 22498 | Lair:1   | Lost mutation: You are weak. (Str -2) [potion of mutation]
 22498 | Lair:1   | Lost mutation: Your flesh is cold resistant. (rC+) [potion
                  | of mutation]
 22498 | Lair:1   | Gained mutation: You occasionally shout uncontrollably at
                  | your foes. [potion of mutation]
 22498 | Lair:1   | Gained mutation: You evolve. [potion of mutation]
 22525 | Lair:1   | Reached skill level 15 in Fighting
 23728 | Lair:2   | Got a crude leather armour
 23729 | Lair:2   | Identified the +2 leather armour of Zin's Hatred {rC+} (You
                  | found it on level 2 of the Lair of Beasts)
 23801 | Lair:2   | Gained mutation: Your mind is acute. (Int +2) [evolution]
 24018 | Lair:2   | Found a dark tunnel.
 24043 | Volcano  | Entered a volcano
 24105 | Volcano  | Found a radiant altar of Vehumet.
 25259 | Lair:3   | Found a staircase to the Snake Pit.
 25469 | Lair:3   | Found a staircase to the Shoals.
 26077 | Lair:4   | Reached XP level 14. HP: 138/138 MP: 13/13
 26156 | Lair:4   | Received a gift from Trog
 27897 | Lair:5   | Found a viscous altar of Jiyva.
 27897 | Lair:5   | Found a staircase to the Slime Pits.
 28274 | Lair:6   | Entered Level 6 of the Lair of Beasts
 28332 | Lair:6   | Gained mutation: Your flesh is heat resistant. (rF+)
                  | [evolution]
 28677 | Lair:6   | Found a frozen archway.
 28926 | IceCv    | Entered an ice cave
 29044 | IceCv    | Received a gift from Trog
 29044 | IceCv    | Reached skill level 17 in Axes
 29049 | IceCv    | Reached ****** piety under Trog
 29878 | Lair:6   | Received a gift from Trog
 31050 | D:13     | Reached skill level 18 in Axes
 31390 | D:13     | Reached XP level 15. HP: 134/147 MP: 14/14
 32394 | D:14     | Found a gate to the Vaults.
 32413 | D:14     | Received a gift from Trog
 33359 | D:14     | Found a portal to a secret trove of treasure.
 33399 | D:15     | Entered Level 15 of the Dungeon
 33590 | D:15     | Reached skill level 19 in Axes
 33862 | D:15     | Found a staircase to the Depths.
 33866 | D:15     | Annihilated by an enormous slime creature

Levels and vault maps discovered:
D:1:      psy_arrival_statuary, layout_basic
D:2:      layout_rooms, kennysheep_generic_room_15, uniq_jessica, uniq_robin
D:3:      layout_basic, uniq_sigmund
D:4:      layout_loops_ring
D:5:      layout_loops_ring, dancing_weapons_uskayaw,
          chequers_temple_overflow_statue_of_worship, first_ration
D:6:      layout_basic, minmay_temple_entry_stoned_glass
D:7:      layout_loops_corners, kennysheep_mini_moat, grunt_ogre_cave,
          uniq_joseph
D:8:      layout_loops_corners, evilmike_ruin_ashenzari, lemuel_doored_altar,
          serial_shops, shop
D:9:      layout_loops_corners, minmay_statue_crystal_thing
D:10:     layout_roguey, minmay_lair_entry_grove, david_orc_2, basic_altar
D:11:     layout_irregular_city, uniq_grum, uniq_erolcha, uniq_fannar,
          uniq_maurice
D:12:     minmay_the_grid_triangle_9x9_recursive_3_mashed
          [minmay_the_grid_triangle_9x9_longest,
          minmay_the_grid_triangle_9x9_wacky_v,
          minmay_the_grid_triangle_9x9_intruding_spiral,
          minmay_the_grid_triangle_9x9_prize_special,
          minmay_the_grid_triangle_9x9_tough_junction,
          minmay_the_grid_triangle_9x9_alien,
          minmay_the_grid_triangle_9x9_pentomino_pain,
          minmay_the_grid_triangle_9x9_odd_lines,
          minmay_the_grid_triangle_9x9_shrine], layout_long_grid,
          gammafunk_ghost_cemetery, st_stairs_10, hex_tiny,
          minmay_misc_feat_square
D:13:     hangedman_cross_stitches, layout_cave_pools
D:14:     layout_stronghold, grunt_vaults_entry_tiered, enter_trove_3,
          kennysheep_generic_room_7
D:15:     gammafunk_enter_depths_forms, layout_gridville
Temple:   dpeg_chambers_temple
Lair:1:   layout_layer_cave
Lair:2:   layout_chaotic_city, enter_volcano_3, lemuel_fruit_tree
Lair:3:   layout_loops_ring, elwin_shoals_entry_stream,
          minmay_snake_entry_six_corridors, serial_bayou_shore_a
Lair:4:   layout_small_grid
Lair:5:   layout_cave_pods, dpeg_slime_entry_enclosed_altar,
          beast_lair_carwin_1, lemuel_fruit_fields
Lair:6:   hangedman_lair_in_review, layout_long_grid,
          portal_ice_cave_demonic_guard, eino_small_chamber_without_monster
Orc:1:    layout_diamond_mine
Orc:2:    st_orc_rangers, layout_diamond_mine, serial_shops,
          nicolae_shop_crystal
IceCv:    ice_cave_caverns_03
Volcano:  kennysheep_volcano_temple

Skill      XL: |  1  2  3  4  5  6  7  8  9 10 11 12 13 14 15 |
---------------+----------------------------------------------+-----
Axes           | 4 5 6 7 8 10 11 13 14 15 16 18 19 | 19.1
Fighting       | 4 5 7 9 11 12 14 16 17 | 17.2
Dodging        | 3 4 6 8 9 10 12 13 14 | 14.2
Armour         | 5 6 7 10 11 12 | 12.5

Action                   |  1- 3 |  4- 6 |  7- 9 | 10-12 | 13-15 || total
-------------------------+-------+-------+-------+-------+-------++-------
Melee: Hand axe          |    51 |   131 |   313 |       |   878 ||  1373
       Headbutt          |     5 |    20 |    59 |   162 |   288 ||   534
       War axe           |       |       |   106 |   791 |    55 ||   952
       Executioner's axe |       |       |       |       |     4 ||     4
Invok: Berserk           |     1 |     1 |     4 |     5 |     8 ||    19
       Trog's Hand       |       |     1 |     3 |    10 |     3 ||    17
       Brothers in Arms  |       |       |       |     1 |       ||     1
Evoke: Wand              |       |       |       |       |    17 ||    17
  Use: Scroll            |     5 |     5 |     8 |     7 |    12 ||    37
       Potion            |     2 |     5 |     5 |     6 |     6 ||    24
 Stab: Sleeping          |     1 |       |     1 |       |       ||     2
       Invisible         |       |       |       |     1 |       ||     1
  Eat: Chunk             |       |    17 |    22 |    20 |    52 ||   111
       Ration            |       |       |       |     5 |     1 ||     6
Armor: Animal skin       |    23 |    42 |    79 |       |       ||   144
       Skin              |       |     5 |       |       |       ||     5
       Ring mail         |       |       |    22 |   326 |       ||   348
       Leather armour    |       |       |     9 |    76 |   302 ||   387
Dodge: Dodged            |    37 |    94 |   224 |   717 |   760 ||  1832
Block: Other             |       |       |       |    45 |       ||    45
       Reflection        |       |       |       |     5 |       ||     5

Table legend:
 A = Non-vault XP
 B = Vault XP
 C = Vault XP percentage of total XP
 D = Non-vault monster count
 E = Vault monster count
 F = Vault count percentage of total count
                 A         B        C        D         E       F
            +---------+---------+-------+---------+---------+-------
      Total |   69744 |   62093 |  47.1 |     612 |     220 |  26.4
            +---------+---------+-------+---------+---------+-------
        D:1 |      25 |       0 |   0.0 |      16 |       0 |   0.0
        D:2 |      62 |      76 |  55.1 |      19 |      14 |  42.4
        D:3 |      93 |     197 |  67.9 |      33 |       1 |   2.9
        D:4 |     464 |       0 |   0.0 |      29 |       0 |   0.0
        D:5 |     890 |       0 |   0.0 |      28 |       0 |   0.0
        D:6 |    1121 |       0 |   0.0 |      37 |       0 |   0.0
        D:7 |    1642 |     584 |  26.2 |      28 |       2 |   6.7
        D:8 |    1273 |       0 |   0.0 |      29 |       0 |   0.0
        D:9 |    1169 |     700 |  37.5 |      22 |       1 |   4.3
       D:10 |    2724 |    2099 |  43.5 |      20 |      19 |  48.7
       D:11 |    3125 |    3115 |  49.9 |      46 |       8 |  14.8
       D:12 |    2067 |    8973 |  81.3 |      24 |      23 |  48.9
       D:13 |    6822 |    4694 |  40.8 |      40 |      11 |  21.6
       D:14 |    7197 |    9489 |  56.9 |      26 |      26 |  50.0
       D:15 |    2903 |    3347 |  53.6 |       6 |      13 |  68.4
     Temple |     136 |       0 |   0.0 |       1 |       0 |   0.0
     Lair:1 |    4900 |       0 |   0.0 |      15 |       0 |   0.0
     Lair:2 |    4189 |     299 |   6.7 |      17 |       2 |  10.5
     Lair:3 |    1885 |    2561 |  57.6 |      12 |      18 |  60.0
     Lair:4 |    5163 |       0 |   0.0 |      20 |       0 |   0.0
     Lair:5 |    2374 |    1362 |  36.5 |      12 |       7 |  36.8
     Lair:6 |   12748 |   11106 |  46.6 |      53 |      23 |  30.3
      Orc:1 |    2462 |    2078 |  45.8 |      35 |       9 |  20.5
      Orc:2 |    4310 |    3417 |  44.2 |      44 |      31 |  41.3
      IceCv |       0 |     890 | 100.0 |       0 |       4 | 100.0
    Volcano |       0 |    7106 | 100.0 |       0 |       8 | 100.0
            +---------+---------+-------+---------+---------+-------
